 Dungeon Crawl Stone Soup version 0.26.1-11-gd32895ea62 (webtiles) character file.

Game seed: 8619553728766160482

324 nonceun the Cleaver (level 6, -6/51 HPs)
             Began as a Minotaur Berserker on Apr 28, 2021.
             Was a Believer of Trog.
             Mangled by an ogre
             ... wielding a +0 giant spiked club
              (12 damage)
             ... on level 4 of the Dungeon.
             The game lasted 00:13:31 (3804 turns).

nonceun the Cleaver (Minotaur Berserker)            Turns: 3804, Time: 00:13:31

Health: -6/51      AC: 11    Str: 23    XL:     6   Next: 23%
Magic:  5/5        EV:  7    Int:  5    God:    Trog [**....]
Gold:   226        SH:  0    Dex:  9    Spells: 5/5 levels left

rFire    + . .     SeeInvis .   a - +0 war axe
rCold    + . .     Faith    .   (no shield)
rNeg     . . .     Spirit   .   t - +0 plate armour (curse)
rPois    .         Reflect  .   (helmet restricted)
rElec    .         Harm     .   m - scarf {rC+ rF+}
rCorr    .         Rampage  .   (no gloves)
Will     .....                  (no boots)
Stlth    ..........             (no amulet)
HPRegen  0.17/turn              (no ring)
MPRegen  0.09/turn              (no ring)

@: no status effects
A: retaliatory headbutt, horns 2
a: Renounce Religion, Berserk, Trog's Hand


You were on level 4 of the Dungeon.
You worshipped Trog.
Trog was pleased with you.
You visited 1 branch of the dungeon, and saw 4 of its levels.

You collected 226 gold pieces.

Inventory:

Hand Weapons
 a - a +0 war axe (weapon)
Missiles
 n - 4 boomerangs (quivered)
 o - 27 arrows
 q - 7 atropa-tipped darts
Armour
 m - a scarf of resistance (worn)
 t - a cursed +0 plate armour (worn)
Scrolls
 f - 2 scrolls of remove curse {unknown}
 h - 2 scrolls of identify {unknown}
 k - 2 scrolls of magic mapping {unknown}
 l - a scroll of enchant armour {unknown}
 p - 4 scrolls of teleportation {unknown}
 s - a scroll of blinking {unknown}
Potions
 b - a potion of mutation {unknown}
 c - a potion of lignification {unknown}
 d - a potion of haste {unknown}
 e - 3 potions of flight {unknown}
 g - 2 potions of curing {unknown}
 i - a potion of might {unknown}
 j - a potion of resistance {unknown}
 r - a potion of attraction {unknown}


   Skills:
 - Level 3.6 Fighting
 + Level 8.5 Axes
 - Level 2.4 Armour
 - Level 2.1 Dodging


You had 5 spell levels left.
You didn't know any spells.
Your spell library was empty.

Dungeon Overview and Level Annotations

Branches:
Dungeon (4/15)
 Temple: D:4-7

Altars:
Ashenzari
Trog


Innate Abilities, Weirdness & Mutations

You reflexively headbutt those who attack you in melee.
You have a pair of horns on your head.


Message History

You kill the orc!
Trog accepts your kill.
You slash the ogre!
The ogre is moderately wounded.
The ogre hits you with a +0 giant spiked club!
You completely miss the ogre. You headbutt the ogre.
The ogre is heavily wounded.
The ogre hits you with a +0 giant spiked club!!
Ouch! That really hurt!
You slash the ogre!
The ogre is almost dead.
You barely miss the ogre.
You headbutt the ogre, but do no damage.
The ogre is almost dead.
The ogre hits you with a +0 giant spiked club!
* * * LOW HITPOINT WARNING * * *
You barely miss the ogre.
The ogre is almost dead.
The ogre hits you with a +0 giant spiked club!
You die...

#.............# #.........
#.............# #.........
#.............# #.........
#.............# #.........
#.............# #.........
#.............# #.........
#.............###.........
#.............'.).........
#............@##)###....#.
#####.(....###O.........#
#......##.†.........#
#......##...........#
#......##...........#
#########.......####.
.....?........#
.[............#
..o...........#


You could see an ogre.

Vanquished Creatures
  A bullfrog skeleton (D:4)
  A hound (D:4)
  An orc priest (D:3)
  2 orc wizards (D:4)
  2 worker ants (D:4)
  4 adders
  An ooze (D:1)
  A worm (D:3)
  A dart slug (D:1)
  4 leopard geckos
  11 orcs
  2 giant cockroaches
  8 goblins
  10 hobgoblins
  5 jackals
  2 quokkas
  7 bats
  5 frilled lizards
  8 kobolds
  6 rats
82 creatures vanquished.

Notes
Turn   | Place    | Note
-------+----------+-------------------------------------------
     0 | D:1      | nonceun the Minotaur Berserker began the quest for the Orb.
     0 | D:1      | Reached XP level 1. HP: 19/19 MP: 0/0
   112 | D:1      | Reached skill level 4 in Axes
   245 | D:1      | Reached XP level 2. HP: 9/26 MP: 1/1
   729 | D:1      | You fall into a shaft and drop 1 floor!
  1034 | D:2      | Reached skill level 5 in Axes
  1038 | D:2      | Reached ** piety under Trog
  1039 | D:2      | Reached XP level 3. HP: 26/31 MP: 2/2
  2389 | D:2      | Found a bloodstained altar of Trog.
  2686 | D:3      | Reached skill level 6 in Axes
  2686 | D:3      | Reached XP level 4. HP: 39/39 MP: 3/3
  3136 | D:3      | Reached XP level 5. HP: 41/45 MP: 4/4
  3189 | D:3      | Reached skill level 7 in Axes
  3351 | D:3      | Found a bloodstained altar of Trog.
  3419 | D:4      | Found a broken altar of Ashenzari.
  3720 | D:4      | Reached skill level 8 in Axes
  3738 | D:4      | Reached XP level 6. HP: 48/51 MP: 5/5
  3804 | D:4      | Mangled by an ogre

Illustrated notes

Levels and vault maps discovered:
D:1:      minmay_arrival_doors, layout_basic, serial_glass, glass_columns_a,
          glass_columns_c, feat_on_display
D:2:      layout_basic, minmay_misc_feat_room, trog_hazing_becter
D:3:      layout_rooms, lemuel_round_altar
D:4:      layout_basic, cheibrodos_ashenzari_chains

Skill      XL: |  1  2  3  4  5 |
---------------+----------------+-----
Axes           | 4 5 6 8 |  8.5
Fighting       | |  3.6
Armour         | |  2.4
Dodging        | |  2.1

Action                   |  1- 3 |  4- 6 || total
-------------------------+-------+-------++-------
Melee: Hand axe          |   111 |    49 ||   160
       Headbutt          |    10 |    17 ||    27
       War axe           |       |    56 ||    56
Armor: Animal skin       |    12 |       ||    12
       Scale mail        |    13 |    19 ||    32
       Plate armour      |       |    36 ||    36
Dodge: Dodged            |    51 |    31 ||    82
